 Dungeon Crawl Stone Soup version 0.23.2-40-g277498a001 (webtiles) character file.

Game seed: 690338603875016210

3706 Folks the Destroyer (level 10, -12/65 HPs)
             Began as a Human Ice Elementalist on Aug 25, 2019.
             Was a Believer of Sif Muna.
             Shot with an arrow by a centaur warrior (16 damage)
             ... on level 8 of the Dungeon on Aug 29, 2019.
             The game lasted 00:44:13 (11959 turns).

Folks the Destroyer (Human Ice Elementalist)       Turns: 11959, Time: 00:44:15

Health: -12/65     AC:  4    Str:  8    XL:     10   Next: 36%
Magic:  12/18      EV: 12    Int: 19    God:    Sif Muna [**....]
Gold:   391        SH:  0    Dex: 14    Spells: 5/19 levels left

rFire    . . .     SeeInvis .   H - +0 long sword
rCold    . . .     Gourm    .   (no shield)
rNeg     . . .     Faith    .   a - +0 robe
rPois    .         Spirit   .   (no helmet)
rElec    .         Reflect  .   (no cloak)
rCorr    .         Harm     .   f - +0 pair of gloves
MR       .....                  k - +0 pair of boots
Stlth    ++........             (no amulet)
HPRegen  0.20/turn              (no ring)
MPRegen  0.16/turn              (no ring)

@: divine energy
A: no striking features
a: Stop Divine Energy, Renounce Religion


You were on level 8 of the Dungeon.
You worshipped Sif Muna.
Sif Muna was pleased with you.
You were not hungry.

You visited 2 branches of the dungeon, and saw 9 of its levels.
You also visited: Sewer and Ossuary.

You collected 391 gold pieces.

Inventory:

Hand Weapons
 d - a +0 club
 i - a +0 mace
 A - a +0 blowgun
 H - a +0 long sword (weapon)
Missiles
 B - 32 poisoned needles
Armour
 a - a +0 robe (worn)
 f - a +0 pair of gloves (worn)
 k - a +0 pair of boots (worn)
 K - the +2 ratskin cloak {+Rats rPois rN+ Str-1 Int-1 Dex+1}
   (You found it on level 5 of the Dungeon)

   It affects your strength (-1).
   It affects your intelligence (-1).
   It affects your dexterity (+1).
   It protects you from poison.
   It protects you from negative energy.
 R - a +0 troll leather armour
Jewellery
 m - an uncursed ring of protection from magic {unknown}
 G - an uncursed ring of poison resistance {unknown}
 N - an uncursed ring of positive energy {unknown}
 P - an uncursed ring of see invisible {unknown}
Wands
 o - a wand of acid (4)
 J - a wand of random effects (16)
Scrolls
 b - 3 scrolls of remove curse {unknown}
 g - 3 scrolls of amnesia
 j - a scroll of enchant weapon {unknown}
 p - 6 scrolls of teleportation {unknown}
 q - a scroll of fear {unknown}
 t - 2 scrolls of magic mapping
 u - 2 scrolls of immolation
 v - 2 scrolls of fog
 y - 9 scrolls of identify
 E - 3 scrolls of enchant armour {unknown}
 L - a scroll of vulnerability {unknown}
 M - 2 scrolls of noise {unknown}
 S - a scroll of blinking
Potions
 e - 4 potions of might {unknown}
 h - a potion of ambrosia {unknown}
 l - 2 potions of curing
 n - 2 potions of flight {unknown}
 r - 3 potions of brilliance {unknown}
 s - a potion of agility {unknown}
 w - 4 potions of heal wounds {unknown}
 x - 4 potions of magic {unknown}
 z - 3 potions of mutation {unknown}
 C - a potion of invisibility {unknown}
 D - 6 potions of haste {unknown}
 F - 2 potions of lignification {unknown}
 I - 2 potions of degeneration {unknown}
 O - a potion of cancellation {unknown}
 Q - a potion of berserk rage {unknown}
Comestibles
 c - 10 rations
 T - 2 chunks of flesh


   Skills:
 - Level 1.3 Fighting
 - Level 2.0 Dodging
 - Level 2.0 Stealth
 - Level 5.4 Spellcasting
 * Level 8.4 Conjurations
 - Level 1.1 Charms
 - Level 6.1 Summonings
 + Level 8.3 Ice Magic


You had 5 spell levels left.
You knew the following spells:

 Your Spells              Type           Power        Failure   Level  Hunger
a - Freeze                Ice            ####         1%          1    None
b - Throw Frost           Conj/Ice       #####.       1%          2    None
c - Ozocubu's Armour      Chrm/Ice       ###.....     5%          3    ##.....
d - Summon Ice Beast      Ice/Summ       ####....     6%          4    ####...
e - Throw Icicle          Conj/Ice       #####...     3%          4    ####...

Your spell library contained the following spells:

 Spells                   Type           Power        Failure   Level  Hunger
 Ensorcelled Hibernation  Hex/Ice        ###...       3%          2    None
 Dazzling Spray           Conj/Hex       ###...       6%          3    ##.....
 Corona                   Hex            #......      12%         1    None
 Confuse                  Hex            #.......     34%         3    ##.....
 Tukima's Dance           Hex            #.......     34%         3    ##.....


Dungeon Overview and Level Annotations

Branches:
Dungeon (8/15)             Temple (1/1) D:6
   Lair: D:8-11

Altars:
Ashenzari
Cheibriados
Dithmenos
Elyvilon
Fedhas
Gozag
Hepliaklqana
Kikubaaqudgha
Makhleb
Nemelex Xobeh
Okawaru
Qazlal
Ru
Sif Muna
Trog
Uskayaw
Vehumet
Wu Jian
Xom
Yredelemnul
Zin
The Shining One

Shops:
D:7 *

Annotations:
D:4 Dowan
D:7 exclusion: ice statue


Message History

The centaur warrior shoots an arrow.
The arrow hits you!!
You see here an arrow.
An iguana comes into view.
The centaur warrior shoots an arrow.
The arrow hits you!
The centaur warrior shoots an arrow.
The arrow hits you!
* * * LOW HITPOINT WARNING * * *
You see here 2 arrows.
You feel better.
The centaur warrior shoots an arrow.
The arrow hits you!
* * * LOW HITPOINT WARNING * * *
The centaur warrior shoots an arrow.
The arrow hits you!
* * * LOW HITPOINT WARNING * * *
The iguana hisses angrily.
Okay, then.
Casting: Freeze (safe; 1% risk of failure)
Confirm with . or Enter, or press ? or * to list all spells.
A chill wind blows around you.
You hear an angry hiss.
An adder comes into view.
The centaur warrior shoots an arrow.
The arrow hits you!
You die...

..'..............##..#.........
###..........###.#...#...#.#.#.
#....#####.# #.#..###........
###.. #.# #....# #..)###.. ##.
#.# #...## ##..##..# #. ###.#
#.รท.# #....... .. ...###(.##
##...... ## #.##(Y.# #(...##
#..@..## ##..... #.#?..# #....#
# #.%## ##.... ...# #.... .cl##
##... #...# #..# # #.S## ##.# #
#.. #..# # ##..#


You could see a centaur warrior, an iguana, an adder and a friendly ice beast.

Vanquished Creatures
  A centaur warrior (D:8)
  A hornet (D:8)
  A hungry ghost (D:8)
  A sky beast (D:8)
  A phantom (D:6)
  An ogre (D:7)
  4 bullfrogs
  3 water moccasin zombies (Ossuary)
  4 wights (D:8)
  4 crimson imps
  3 jellies
  3 hounds
  4 orc wizards
  An orc priest (D:3)
  A bullfrog skeleton (D:5)
  An iguana (D:7)
  3 worker ants
  2 big kobold zombies (Ossuary)
  A worker ant zombie (D:5)
  12 adders
  3 gnolls
  5 river rats
  7 adder zombies (Ossuary)
  3 worms
  5 leopard geckos
  16 orcs
  10 ball pythons
  4 bats
  7 giant cockroaches
  A gnoll zombie (Ossuary)
  9 goblins
  4 hobgoblins
  4 jackals
  4 quokkas
  8 frilled lizards
  2 hobgoblin zombies (Ossuary)
  12 kobolds
  3 kobold zombies (Ossuary)
  3 orc zombies (Ossuary)
  3 quokka skeletons
  A quokka zombie (D:6)
  40 rats
206 creatures vanquished.

Vanquished Creatures (collateral kills)
  A two-headed ogre (D:8)
  A troll (D:8)
  Edmund (D:4)
  Duvessa (D:4)
  An ice beast (D:7)
  A black bear (D:8)
  A sky beast (D:3)
  A big kobold (D:7)
  A hound (D:4)
  2 orc priests
  A centaur skeleton (D:4)
  An orc wizard (D:4)
  A hell rat (D:5)
  A big kobold zombie (Ossuary)
  2 mummies (Ossuary)
  5 gnolls
  3 river rats (D:5)
  An adder (Sewer)
  2 adder zombies (Ossuary)
  13 orcs
  2 ball pythons (Sewer)
  A gnoll zombie (Ossuary)
  A quokka (D:7)
  2 ball python skeletons (D:4)
  A hobgoblin zombie (Ossuary)
  2 kobold zombies (Ossuary)
  2 orc zombies (Ossuary)
  4 rats (D:5)
56 creatures vanquished.

Vanquished Creatures (others)
  An orc zombie (Ossuary)
1 creature vanquished.

Grand Total: 263 creatures vanquished

Notes
Turn   | Place    | Note
-------+----------+-------------------------------------------
     0 | D:1      | Folks the Human Ice Elementalist began the quest for the
                  | Orb.
     0 | D:1      | Reached XP level 1. HP: 13/13 MP: 3/3
   368 | D:1      | Reached XP level 2. HP: 18/19 MP: 5/5
  1141 | D:1      | Reached XP level 3. HP: 20/24 MP: 4/7
  1147 | D:1      | Learned a level 2 spell: Throw Frost
  1151 | D:1      | Learned a level 3 spell: Ozocubu's Armour
  1867 | D:2      | Reached XP level 4. HP: 29/31 MP: 0/8
  1978 | D:2      | Reached skill level 1 in Fighting
  2313 | D:3      | Reached XP level 5. HP: 27/37 MP: 3/10
  2374 | D:3      | Learned a level 4 spell: Summon Ice Beast
  2424 | D:3      | Reached skill level 1 in Summonings
  2799 | D:3      | Found a glowing drain.
  2844 | Sewer    | Entered a sewer
  2972 | Sewer    | Reached XP level 6. HP: 43/43 MP: 11/11
  3472 | Sewer    | Reached XP level 7. HP: 16/48 MP: 0/13
  5120 | D:4      | Learned a level 4 spell: Throw Icicle
  5304 | D:4      | Noticed Edmund
  5689 | D:4      | Found a bloodstained altar of Trog.
  5805 | D:4      | Killed Edmund
  5805 | D:4      | Reached skill level 5 in Ice Magic
  5805 | D:4      | Reached XP level 8. HP: 32/54 MP: 0/15
  6124 | D:4      | Noticed Duvessa
  6133 | D:4      | Killed Duvessa
  6133 | D:4      | Reached skill level 5 in Summonings
  6158 | D:4      | Noticed Dowan
  6164 | D:5      | Entered Level 5 of the Dungeon
  6168 | D:5      | Reached skill level 5 in Spellcasting
  6727 | D:5      | Found a glowing golden altar of the Shining One.
  6728 | D:5      | Found a sacrificial altar of Ru.
  6740 | D:5      | Found a sand-covered staircase.
  6750 | Ossuary  | Entered an ossuary
  8159 | D:5      | Found the +2 ratskin cloak {+Rats rPois rN+ Str-1 Int-1
                  | Dex+1}
  8345 | D:6      | Found a staircase to the Ecumenical Temple.
  8351 | Temple   | Entered the Ecumenical Temple
  8554 | Temple   | Became a worshipper of Sif Muna the Loreminder
  8657 | D:6      | Found a sparkling altar of Nemelex Xobeh.
  8685 | D:6      | Reached skill level 1 in Charms
  8732 | D:6      | Reached XP level 9. HP: 58/59 MP: 5/17
  9427 | D:7      | Found Pebege's General Store.
 10067 | D:7      | Reached * piety under Sif Muna
 10190 | D:7      | Noticed an ice statue
 10529 | D:8      | Found a snail-covered altar of Cheibriados.
 10529 | D:8      | Found a shadowy altar of Dithmenos.
 10588 | D:8      | Noticed a two-headed ogre
 10612 | D:8      | Killed a two-headed ogre
 10612 | D:8      | Reached skill level 5 in Conjurations
 10772 | D:8      | Noticed a troll
 10784 | D:8      | Killed a troll
 11391 | D:8      | Reached XP level 10. HP: 65/65 MP: 12/18
 11447 | D:8      | Noticed a centaur warrior
 11457 | D:8      | Killed a centaur warrior
 11457 | D:8      | Reached ** piety under Sif Muna
 11955 | D:8      | Noticed a centaur warrior
 11959 | D:8      | Shot with an arrow by a centaur warrior

Skill      XL: |  1  2  3  4  5  6  7  8  9 10 |
---------------+-------------------------------+-----
Spellcasting   | 3 4 5 |  5.4
Fighting       | 1 |  1.3
Summonings     | 1 3 4 6 |  6.1
Ice Magic      | 4 5 6 7 8 |  8.3
Conjurations   | 2 6 8 |  8.4
Charms         | 1 |  1.1
Dodging        | |  2.0
Stealth        | |  2.0

Action                   |  1- 3 |  4- 6 |  7- 9 | 10-12 || total
-------------------------+-------+-------+-------+-------++-------
Melee: Club              |    25 |       |       |       ||    25
       Mace              |    29 |   158 |    89 |       ||   276
       Long sword        |       |       |   168 |    14 ||   182
 Cast: Freeze            |    26 |    62 |    49 |     4 ||   141
       Throw Frost       |     2 |     6 |    43 |     5 ||    56
       Ozocubu's Armour  |     1 |    12 |    11 |     1 ||    25
       Summon Ice Beast  |       |     1 |    50 |     3 ||    54
       Throw Icicle      |       |       |    53 |     8 ||    61
Invok: Divine Energy     |       |       |     1 |       ||     1
Evoke: Wand              |       |     1 |     7 |     1 ||     9
  Use: Scroll            |       |       |     7 |       ||     7
       Potion            |       |       |     1 |     1 ||     2
 Stab: Sleeping          |       |     1 |     8 |       ||     9
       Distracted        |       |       |     1 |       ||     1
  Eat: Chunk             |     3 |     8 |    35 |       ||    46
       Ration            |       |       |     5 |     1 ||     6
Armor: Robe              |     9 |   121 |   101 |     3 ||   234
Dodge: Dodged            |    54 |   201 |   250 |    16 ||   521
       Rpst.: Long sword |       |       |    57 |     2 ||    59
